 Dungeon Sprint DCSS version 0.18-a0-1323-g706dcef (webtiles) character file.

429 Kidiri the Insei (level 6, -8/56 HPs)
             Began as a Draconian Transmuter on Feb 15, 2016.
             Was a Follower of Sif Muna.
             Mangled by a six-headed hydra (14 damage)
             ... in the Dungeon (Sprint IX: "|||||||||||||||||||||||||||||").
             The game lasted 00:03:55 (881 turns).

Kidiri the Insei (Draconian Transmuter)              Turns: 881, Time: 00:03:55

Health: -8/56      AC:  2    Str: 13    XL:     6   Next: 66%
Magic:  12/15      EV: 25    Int: 19    God:    Sif Muna [*.....]
Gold:   0          SH:  0    Dex: 18    Spells: 4 memorised, 5 levels left

rFire  . . .     SeeInvis .       - Unarmed
rCold  . . .     Gourm    .     (armour unavailable)
rNeg   . . .     Faith    .     (shield currently unavailable)
rPois  x         Spirit   .     (helmet currently unavailable)
rElec  .         Dismiss  .     (cloak currently unavailable)
rCorr  .         Reflect  .     (gloves currently unavailable)
SustAt .         Harm     .     (boots currently unavailable)
MR     .....     NoTele   +     (no amulet)
Stlth  ++........               r - +3 ring of intelligence
                                q - +3 ring of intelligence

@: spider-form, very slightly contaminated, not resistant to hostile
enchantments, unstealthy
A: unfitting armour, (cold-blooded), AC +6
a: End Transformation, Channel Energy, Renounce Religion


You were in the Dungeon.
You worshipped Sif Muna.
Sif Muna was aware of your devotion.
You were not hungry.
You were a venomous arachnid creature.
You visited 1 branch

Inventory:

Hand Weapons
 k - a +0 club
Missiles
 a - 12 arrows
Armour
 o - a +0 cloak (melded)
 p - a +0 pair of gloves (melded)
Magical Staves
 n - an uncursed staff of energy
Jewellery
 q - a +3 ring of intelligence (left front leg)
 r - a +3 ring of intelligence (right front leg)
Wands
 m - a wand of acid (0/15)
Scrolls
 i - a scroll of blinking
 j - 3 scrolls of remove curse
 l - 2 scrolls of amnesia
Potions
 d - 5 potions of curing
 e - a potion of invisibility
 f - a potion of haste
 g - 4 potions of magic
Comestibles
 c - a bread ration


   Skills:
 + Level 5.1 Fighting
 * Level 6.4 Dodging
 * Level 7.4 Unarmed Combat
 * Level 6.5 Spellcasting
 + Level 5.2 Transmutations
 + Level 2.5 Ice Magic
 + Level 2.3 Poison Magic
 + Level 2.7 Invocations
 + Level 0.0 Evocations


You had 5 spell levels left.
You knew the following spells:

 Your Spells              Type           Power        Failure   Level  Hunger
a - Beastly Appendage     Trmt           ####..       6%          1    None
b - Spider Form           Trmt/Pois      ###.......   24%         3    ##.....
c - Ice Form              Ice/Trmt       ###.....     50%         4    ####...
d - Blade Hands           Trmt           ####......   61%         5    #####..


Dungeon Overview and Level Annotations

Branches:
Dungeon (1/1)

Altars:
Cheibriados
Dithmenos
Elyvilon
Fedhas
Gozag
Kikubaaqudgha
Makhleb
Nemelex Xobeh
Okawaru
Pakellas
Qazlal
Ru
Sif Muna
Trog
Vehumet
Xom
Yredelemnul
Zin
The Shining One
Beogh
Jiyva
Lugonu


Innate Abilities, Weirdness & Mutations

((Your plain brown scales are hard (AC +6).))
Your body does not fit into most forms of armour.
((You are cold-blooded and may be slowed by cold attacks.))


Message History

The six-headed hydra barely misses you. x2
The six-headed hydra bites you but does no damage.
The six-headed hydra bites you!
* * * LOW HITPOINT WARNING * * *
The six-headed hydra misses you.
Drink which item? (? for menu, Esc to quit)
You feel much better.
Unknown command.
Casting: Ice Form
Confirm with . or Enter, or press ? or * to list all spells.
You turn into a venomous arachnid creature.
Your +0 cloak melds into your body.
Your +0 pair of gloves melds into your body.
The six-headed hydra bites you!
* * * LOW HITPOINT WARNING * * *
The six-headed hydra closely misses you.
The six-headed hydra bites you!
* * * LOW HITPOINT WARNING * * *
The six-headed hydra bites you!
You die... ▓▓▓▓▓▓▓▓▓▓▓▓▓▓▓▓▓▓▓▓▓▓▓▓▓▓▓▓▓▓ ▓<...).(...'.sDC.'_5__________ ▓▓▓▓▓▓▓▓▓▓▓▓▓▓▓▓▓▓▓▓▓▓▓▓▓▓▓▓▓▓

You could see a six-headed hydra, a hill giant and a crimson imp.

Vanquished Creatures
  A sky beast (D)
  2 ogres (D)
  A giant frog (D)
  A hound (D)
  2 iguanas (D)
  An orc wizard (D)
  An adder skeleton (D)
  A worm (D)
  2 bats (D)
  A bat skeleton (D)
  A hobgoblin (D)
  A kobold (D)
  2 giant newts (D)
17 creatures vanquished.

Notes
Turn   | Place    | Note
--------------------------------------------------------------
     0 | D        | Kidiri the Draconian Transmuter began the quest for the Orb.
     0 | D        | Reached XP level 1. HP: 16/16 MP: 3/3
   143 | D        | Noticed a sky beast
   143 | D        | Noticed an ogre
   169 | D        | Reached XP level 2. HP: 19/24 MP: 3/5
   177 | D        | Killed a sky beast
   177 | D        | Reached skill level 4 in Dodging
   177 | D        | Reached skill level 5 in Unarmed Combat
   177 | D        | Reached XP level 3. HP: 7/31 MP: 2/8
   177 | D        | Reached XP level 4. HP: 8/38 MP: 2/10
   180 | D        | Killed an ogre
   180 | D        | Reached skill level 5 in Dodging
   180 | D        | Reached skill level 6 in Unarmed Combat
   180 | D        | Reached skill level 5 in Spellcasting
   180 | D        | Reached XP level 5. HP: 10/46 MP: 3/12
   433 | D        | Learned a level 3 spell: Spider Form
   438 | D        | Learned a level 4 spell: Ice Form
   444 | D        | Learned a level 5 spell: Blade Hands
   455 | D        | Found a glowing silver altar of Zin.
   455 | D        | Found a glowing golden altar of the Shining One.
   455 | D        | Found an ancient bone altar of Kikubaaqudgha.
   455 | D        | Found a basalt altar of Yredelemnul.
   455 | D        | Found a shimmering altar of Xom.
   455 | D        | Found a radiant altar of Vehumet.
   456 | D        | Found an iron altar of Okawaru.
   457 | D        | Found a burning altar of Makhleb.
   458 | D        | Found a deep blue altar of Sif Muna.
   459 | D        | Found a bloodstained altar of Trog.
   460 | D        | Found a sparkling altar of Nemelex Xobeh.
   461 | D        | Found a white marble altar of Elyvilon.
   462 | D        | Found a roughly hewn altar of Beogh.
   463 | D        | Found a viscous altar of Jiyva.
   464 | D        | Found a corrupted altar of Lugonu.
   465 | D        | Found a blossoming altar of Fedhas.
   466 | D        | Became a worshipper of Sif Muna the Loreminder
   567 | D        | Found a snail-covered altar of Cheibriados.
   568 | D        | Found a shadowy altar of Dithmenos.
   569 | D        | Found a stormy altar of Qazlal.
   570 | D        | Found an opulent altar of Gozag.
   571 | D        | Found a sacrificial altar of Ru.
   572 | D        | Found an oddly glowing altar of Pakellas.
   612 | D        | Noticed an ogre
   616 | D        | Reached skill level 1 in Ice Magic
   616 | D        | Reached skill level 1 in Poison Magic
   616 | D        | Reached skill level 1 in Invocations
   622 | D        | Reached XP level 6. HP: 49/53 MP: 10/14
   634 | D        | Reached * piety under Sif Muna
   634 | D        | Reached skill level 7 in Unarmed Combat
   638 | D        | Reached skill level 5 in Transmutations
   646 | D        | Reached skill level 5 in Fighting
   830 | D        | Noticed a six-headed hydra
   830 | D        | Noticed a hill giant
   830 | D        | Noticed a two-headed ogre
   830 | D        | Noticed an efreet
   881 | D        | Mangled by a six-headed hydra

Vault maps used:
D:        linesprint

Action                   |  1- 3 |  4- 6 || total
-------------------------+-------+-------++-------
Melee: Unarmed           |    53 |    39 ||    92
 Cast: Beastly Appendage |     4 |       ||     4
       Spider Form       |       |     2 ||     2
       Ice Form          |       |     1 ||     1
Evoke: Wand              |       |     7 ||     7
  Use: Potion            |     2 |     2 ||     4
       Scroll            |       |     1 ||     1
  Eat: Chunk             |       |     1 ||     1
